 Dungeon Crawl Stone Soup version 0.30-a0-304-gdc4b735fe1 (webtiles) character file.

Game seed: 14996882356548087133

62 gruber the Conjurer (level 3, -7/26 HPs)
             Began as a Draconian Conjurer on Oct 20, 2022.
             Killed from afar by Sigmund (12 damage)
             ... with a puff of flame
             ... on level 2 of the Dungeon.
             The game lasted 00:01:14 (1352 turns).

gruber the Conjurer (Draconian Conjurer)            Turns: 1352, Time: 00:01:14

Health: -7/26      AC:  5    Str:  9    XL:     3   Next: 85%
Magic:  2/6        EV: 12    Int: 20    God:
Gold:   78         SH:  0    Dex:  9    Spells: 3/6 levels left

rFire   . . .      SeeInvis .    e - +0 short sword
rCold   . . .      Faith    .    (no shield)
rNeg    . . .      Spirit   .    (body armour unavailable)
rPois   .          Reflect  .    (helmet restricted)
rElec   .          Harm     .    (no cloak)
rCorr   .          Rampage  .    (no gloves)
Will    .....                    (no boots)
Stlth   +.........               (no amulet)
HPRegen 0.24/turn                (no ring)
MPRegen 0.10/turn                (no ring)

@: confused
A: AC +5, unfitting armour, cold-blooded
a: no special abilities


You were on level 2 of the Dungeon.
You visited 1 branch of the dungeon, and saw 2 of its levels.

You collected 78 gold pieces.

Inventory:

Hand Weapons
 e - a +0 short sword (weapon)
Jewellery
 c - an amulet of guardian spirit
Scrolls
 d - a scroll of identify {unknown}
 f - a scroll of teleportation {unknown}
 g - a scroll of magic mapping {unknown}
Potions
 a - a potion of magic
 b - a potion of lignification {unknown}
 h - a potion of degeneration {unknown}


   Skills:
 - Level 1.7 Dodging
 - Level 1.7 Stealth
 - Level 2.0 Spellcasting
 + Level 5.5 Conjurations


You had 3 spell levels left.
You knew the following spells:

 Your Spells              Type           Power      Damage    Failure   Level
a - Magic Dart            Conj           96%        1d7       1%          1
b - Searing Ray           Conj           48%        2d6       2%          2

Your spell library contained the following spells:

 Spells                   Type           Power      Damage    Failure   Level
 Dazzling Flash           Conj/Hex       26%        N/A       16%         3
 Ozocubu's Armour         Ice            2%         N/A       43%         3
 Fulminant Prism          Conj/Hex       6%         3d7       45%         4
 Iskenderun's Mystic Bla  Conj/Tloc      13%        2d5       45%         4
 Metabolic Englaciation   Hex/Ice        1%         N/A       99%         5
 Simulacrum               Ice/Necr       1%         N/A       100%        6


Dungeon Overview and Level Annotations

Branches:
Dungeon (2/15)

Altars:

Annotations:
D:2 Sigmund


Innate Abilities, Weirdness & Mutations

Your plain brown scales are hard. (AC +5)
You cannot fit into any form of body armour.
You are cold-blooded and may be slowed by cold attacks.


Message History

Sigmund casts a spell at you. The puff of flame misses you.
Sigmund is nearby!
You start resting.
Your magical contamination has completely faded away.
Sigmund is nearby!
Casting: Magic Dart (safe; 1% risk of failure)
Confirm with . or Enter, or press ? or * to list all spells.
Aiming: Searing Ray (safe; 2% risk of failure)
Press: ? - help, Shift-Dir - straight line, f/p - Sigmund
Aim: Sigmund, wielding a +0 scythe and wearing a +0 robe (lightly wounded, 77% to hit)
The searing ray hits Sigmund.
Sigmund is moderately wounded. (Press . to maintain the ray.)
The searing ray hits Sigmund.
Sigmund is heavily wounded.
Sigmund whispers, "You'll know eternity soon."
Sigmund gestures at you while chanting. The puff of flame hits you!
The searing ray misses Sigmund.
Sigmund gestures at you while chanting.
You are confused.
Sigmund closely misses you.
Unknown command.
Sigmund casts a spell at you. The magic dart hits you.
Sigmund attacks as you move away! Sigmund misses you.
You bump into the rock wall.
Sigmund hits you from afar with a +0 scythe.
You're too confused to move!
Sigmund barely misses you.
You feel less confused.
You barely miss Sigmund. You tail-slap Sigmund.
Sigmund is heavily wounded.
Sigmund points at you and mumbles some strange words.
You are confused.
You're too confused to move!
Sigmund hits you with a +0 scythe!
* * * LOW HITPOINT WARNING * * *
Sigmund casts a spell at you. The puff of flame hits you!
You die...

#.#######.# #.# #.# #.#
##.##.#####
####.###.........#
.............#.#.#
...#.###..^#.#.#.#
##.#.........#.#.#######
##.######.##.#....@....###
##.# #. #.###@###.....#
##.# #+ #.# #.# #.###.#
##.# #.. ..# #.# # ...#
#### #.# ##### ... ....#
..# ....+ ... .#..# ....
....#


You could see Sigmund.

Vanquished Creatures
  A gnoll (D:1)
  2 adders (D:2)
  A dart slug (D:2)
  2 ball pythons (D:1)
  2 endoplasms (D:2)
  2 goblins
  5 hobgoblins
  4 jackals (D:1)
  A quokka (D:1)
  3 bats
  3 frilled lizards (D:1)
  3 kobolds
  4 rats (D:1)
33 creatures vanquished.

Notes
Turn   | Place    | Note
-------+----------+-------------------------------------------
     0 | D:1      | gruber the Draconian Conjurer began the quest for the Orb.
     0 | D:1      | Reached XP level 1. HP: 14/14 MP: 3/3
   248 | D:1      | Reached XP level 2. HP: 20/20 MP: 1/5
   374 | D:1      | Learned a level 2 spell: Searing Ray
   686 | D:1      | Reached skill level 5 in Conjurations
   686 | D:1      | Reached XP level 3. HP: 26/26 MP: 0/6
  1331 | D:2      | Noticed Sigmund
  1352 | D:2      | Killed from afar by Sigmund

Illustrated notes

Levels and vault maps discovered:
D:1:      evilmike_arrival_fibonacci_small, layout_rooms
D:2:      minmay_chambers_of_ones, layout_loops_corners, basic_altar,
          st_stairs_8, hangedman_decor_opposing, minmay_tetromino_o2,
          uniq_sigmund

Skill      XL: |  1  2 |
---------------+-------+-----
Conjurations   | 5 |  5.5
Dodging        | |  1.7
Stealth        | |  1.7
Spellcasting   | |  2.0

Action                   || total
-------------------------++-------
Melee: Unarmed           ||    52
       Tailslap          ||     9
       Short sword       ||     8
       Punch             ||     1
 Cast: Magic Dart        ||    60
       Searing Ray       ||     1
Armor: Skin              ||    23
Dodge: Dodged            ||    56

Table legend: (Time is in decaauts)
 A = Elapsed time spent in this place.
 B = Non-inter-level travel time spent in this place.
 C = Inter-level travel time spent in this place.
 D = Time resting spent in this place.
 E = Time spent auto-exploring this place.
 F = Levels seen in this place.
 G = Mean time per level.
                   A        B        C        D        E       F      G
               +--------+--------+--------+--------+--------+-----+--------+
         Total |   1351 |   1344 |      7 |      2 |   1123 |   2 |  675.5 |
       Dungeon |   1351 |   1344 |      7 |      2 |   1123 |   2 |  675.5 |
               +--------+--------+--------+--------+--------+-----+--------+

Top non-repeatable levels by time:
     D:1: 934 daAuts
     D:2: 417 daAuts
